 Dungeon Sprint DCSS version 0.26-a0-1147-g3780a7a11b (webtiles) character file.

Game seed: 14630348987083648480

978 reriks the Unseen (level 7, -5/39 HPs)
             Began as a Spriggan Brigand on Dec 23, 2020.
             Was an Initiate of Dithmenos.
             Slain by a hellwing (10 damage)
             ... summoned by a kobold demonologist
             ... in the Dungeon (Sprint I: "Red Sonja").
             The game lasted 00:02:25 (185 turns).

reriks the Unseen (Spriggan Brigand)                 Turns: 185, Time: 00:02:26

Health: -5/39      AC:  2    Str:  7    XL:     7   Next: 95%
Magic:  8/8        EV: 25    Int: 12    God:    Dithmenos [......]
Gold:   285        SH:  0    Dex: 20    Spells: 6/6 levels left

rFire    . . .     SeeInvis +   a - +2 dagger
rCold    . . .     Faith    .   (shield restricted)
rNeg     . . .     Spirit   .   b - +0 robe
rPois    .         Reflect  .   (helmet restricted)
rElec    .         Harm     .   m - scarf {+Inv}
rCorr    .         Rampage  .   (gloves unavailable)
Will     +....     NoTele   +   (boots unavailable)
Stlth    ++++++++..             (no amulet)
HPRegen  0.13/turn              (no ring)
MPRegen  0.11/turn              (no ring)

@: very quick
A: very small, unfitting armour, see invisible, speed 3
a: Renounce Religion, Evoke Invisibility


You were in the Dungeon.
You worshipped Dithmenos.
Dithmenos was noncommittal.
You visited 1 branch You collected 405 gold pieces.
You spent 120 gold pieces at shops.

Inventory:

Hand Weapons
 a - a +2 dagger (weapon)
Missiles
 d - 8 poisoned darts (quivered)
 e - 2 curare-tipped darts
Armour
 b - a +0 robe (worn)
 c - a +0 cloak
 m - a scarf of invisibility (worn)
Wands
 l - a wand of flame (17)
Scrolls
 j - a scroll of amnesia {unknown}
 k - a scroll of blinking
Potions
 f - a potion of curing
 g - a potion of heal wounds
 h - a potion of haste
 i - 2 potions of magic


   Skills:
 + Level 5.2 Fighting
 - Level 2.1 Short Blades
 - Level 2.0 Throwing
 + Level 8.8 Dodging
 - Level 20.6 Stealth
 + Level 5.5 Evocations


You had 6 spell levels left.
You didn't know any spells.
Your spell library was empty.

Dungeon Overview and Level Annotations

Branches:
Dungeon (1/1)

Altars:
Cheibriados
Dithmenos
Elyvilon
Fedhas
Gozag
Hepliaklqana
Kikubaaqudgha
Makhleb
Nemelex Xobeh
Okawaru
Qazlal
Ru
Sif Muna
Trog
Uskayaw
Vehumet
Wu Jian
Xom
Yredelemnul
Zin
The Shining One
Jiyva
Lugonu

Shops:
D [


Innate Abilities, Weirdness & Mutations

You are very small and have problems with some larger weapons.
You are too small for most types of armour.
You have supernaturally acute eyesight. (SInv)
You cover ground extremely quickly.


Message History

You hit the kobold demonologist.
The kobold demonologist is lightly wounded.
The white imp hits you. The white imp freezes you. The crimson imp misses you.
The hellwing hits you but does no damage.
The hellwing completely misses you.
The kobold demonologist looks braver for a moment.
You hit the kobold demonologist.
The kobold demonologist is lightly wounded.
The iron imp closely misses you. The white imp misses you.
The crimson imp hits you. The hellwing closely misses you.
The hellwing completely misses you.
The kobold demonologist barely misses you.
You hit the kobold demonologist.
The kobold demonologist is moderately wounded.
The crimson imp completely misses you. The white imp gestures at you.
The puff of frost hits you!
* * * LOW HITPOINT WARNING * * *
The iron imp completely misses you. The hellwing hits you!
You die...

###################
..#.)'..#__#..'.4)#
.)'..#..'..'..#5@.#
#'#####'#__####K55+
..#...#)#### #####
###..##.# __##'#_.+
..†'..._# __##_.#+#
__###+# ###


You could see a hellwing (summoned), a kobold demonologist, an iron imp
(summoned), a crimson imp (summoned) and a white imp (summoned).

Vanquished Creatures
  A kobold demonologist (D)
  A slime creature (D)
  Sigmund (D)
  A yak (D)
  A floating eye (D)
  An ogre (D)
  A jelly (D)
  Ijyb (D)
8 creatures vanquished.

Notes
Turn   | Place    | Note
-------+----------+-------------------------------------------
     0 | D        | reriks the Spriggan Brigand began the quest for the Orb.
     0 | D        | Reached XP level 1. HP: 10/10 MP: 2/2
     2 | D        | Noticed Ijyb
     4 | D        | Killed Ijyb
     5 | D        | Reached skill level 10 in Stealth
     5 | D        | Reached XP level 2. HP: 14/14 MP: 3/3
     7 | D        | Noticed an ogre
    10 | D        | Killed an ogre
    11 | D        | Reached skill level 14 in Stealth
    11 | D        | Reached XP level 3. HP: 18/18 MP: 4/4
    11 | D        | Reached XP level 4. HP: 22/22 MP: 5/5
    22 | D        | Noticed Sigmund
    30 | D        | Killed Sigmund
    31 | D        | Reached skill level 18 in Stealth
    31 | D        | Reached XP level 5. HP: 25/25 MP: 6/6
    31 | D        | Reached XP level 6. HP: 30/30 MP: 7/7
    78 | D        | Found a burning altar of Makhleb.
    78 | D        | Found a viscous altar of Jiyva.
    78 | D        | Found a shimmering altar of Xom.
    78 | D        | Found a corrupted altar of Lugonu.
    78 | D        | Noticed a slime creature
    81 | D        | Killed a slime creature
    82 | D        | Reached skill level 20 in Stealth
    87 | D        | Found an ornate altar of the Wu Jian Council.
    87 | D        | Found a shimmering blue altar of Sif Muna.
    89 | D        | Found a radiant altar of Vehumet.
   113 | D        | Found Hutesch's Armour Emporium.
   113 | D        | Found an ancient bone altar of Kikubaaqudgha.
   113 | D        | Found a hazy altar of Hepliaklqana.
   113 | D        | Found a stormy altar of Qazlal.
   113 | D        | Found a hide-covered altar of Uskayaw.
   113 | D        | Found a blossoming altar of Fedhas.
   113 | D        | Found a bloodstained altar of Trog.
   113 | D        | Found an iron altar of Okawaru.
   113 | D        | Found a basalt altar of Yredelemnul.
   113 | D        | Found a glowing golden altar of the Shining One.
   113 | D        | Found a snail-covered altar of Cheibriados.
   113 | D        | Found a sacrificial altar of Ru.
   113 | D        | Found a glowing silver altar of Zin.
   113 | D        | Found a shadowy altar of Dithmenos.
   113 | D        | Found a white marble altar of Elyvilon.
   113 | D        | Noticed a yak
   114 | D        | Found an opulent altar of Gozag.
   115 | D        | Killed a yak
   116 | D        | Reached XP level 7. HP: 37/37 MP: 8/8
   116 | D        | Found a sparkling altar of Nemelex Xobeh.
   122 | D        | Became a worshipper of Dithmenos the Shadowed
   129 | D        | Bought a scarf of invisibility for 120 gold pieces
   165 | D        | Noticed a kobold demonologist
   166 | D        | Noticed a kobold demonologist
   170 | D        | Killed a kobold demonologist
   171 | D        | Reached skill level 5 in Fighting
   171 | D        | Reached skill level 5 in Evocations
   179 | D        | Noticed a hellwing
   185 | D        | Slain by a hellwing

Illustrated notes

Levels and vault maps discovered:
D:        dungeon_sprint_1 [red_sonja_temple_1, red_sonja_temple_small_1]

Skill      XL: |  1  2  3  4  5  6  7 |
---------------+----------------------+-----
Stealth        | 10 14 18 20 | 20.6
Fighting       | 3 5 |  5.2
Dodging        | 6 8 |  8.8
Evocations     | 5 |  5.5
Short Blades   | |  2.1
Throwing       | |  2.0

Action                   |  1- 3 |  4- 6 |  7- 9 || total
-------------------------+-------+-------+-------++-------
Melee: Dagger            |     2 |     9 |    17 ||    28
  Use: Potion            |       |     1 |       ||     1
 Stab: Sleeping          |     2 |     3 |     2 ||     7
Armor: Robe              |       |       |     2 ||     2
Dodge: Dodged            |       |     4 |    27 ||    31

Table legend: (Time is in decaauts)
 A = Elapsed time spent in this place.
 B = Non-inter-level travel time spent in this place.
 C = Inter-level travel time spent in this place.
 D = Time resting spent in this place.
 E = Time spent auto-exploring this place.
 F = Levels seen in this place.
 G = Mean time per level.
                   A        B        C        D        E       F      G
               +--------+--------+--------+--------+--------+-----+--------+
         Total |    157 |    157 |      0 |     44 |      0 |   1 |  157.0 |
       Dungeon |    157 |    157 |      0 |     44 |      0 |   1 |  157.0 |
               +--------+--------+--------+--------+--------+-----+--------+

Top non-repeatable levels by time:
       D: 157 daAuts
